 Dungeon Crawl Stone Soup version 0.28-a0-1347-g113dc556a4 (webtiles) character file.

Game seed: 14551253064360988582

4727 avis the Grappler (level 10, -3/88 HPs)
             Began as a Hill Orc Monk on Dec 29, 2021.
             Was a Priest of Beogh.
             Slain by a gnoll (8 damage)
             ... on level 8 of the Dungeon on Dec 30, 2021.
             The game lasted 00:54:23 (10817 turns).

avis the Grappler (Hill Orc Monk)                  Turns: 10817, Time: 00:54:25

Health: -3/88      AC:  2    Str: 23    XL:     10   Next: 45%
Magic:  9/11       EV: 22    Int: 12    God:    Beogh [***...]
Gold:   355        SH:  0    Dex: 18    Spells: 5/11 levels left

rFire   . . .      SeeInvis .     - Unarmed
rCold   . . .      Faith    .   (shield currently unavailable)
rNeg    . . .      Spirit   .   (armour currently unavailable)
rPois   x          Reflect  .   (helmet currently unavailable)
rElec   .          Harm     .   (cloak currently unavailable)
rCorr   .          Rampage  .   (gloves currently unavailable)
Will    .....                   (boots currently unavailable)
Stlth   ++........              (no amulet)
HPRegen 0.24/turn               v - ring of wizardry
MPRegen 0.12/turn               p - +6 ring of strength

@: lethally poisoned (-3 -> -33), spider-form (expiring)
A: venomous fangs, tiny
a: End Transformation, Renounce Religion, Smiting


You were on level 8 of the Dungeon.
You worshipped Beogh.
Beogh was most pleased with you.
You were a venomous arachnid creature.
You visited 2 branches of the dungeon, and saw 9 of its levels.

You collected 480 gold pieces.
You spent 125 gold pieces at shops.

Inventory:

Hand Weapons
 f - a +0 shortbow
 h - a +0 spear
 w - a +0 whip of electrocution
 B - a +0 hunting sling
 F - a +0 quarterstaff of holy wrath
 M - a +0 spear
 N - a +0 spear
 O - a +0 spear
 P - a +8 hand axe of freezing
 S - a +0 whip of electrocution
 X - a +1 dagger of speed
Missiles
 d - 37 bolts
 e - 96 stones
 g - 57 arrows
 t - a poisoned dart (quivered)
 H - a curare-tipped dart
 I - 81 sling bullets
 J - 2 throwing nets
 L - 3 javelins
Armour
 a - a +0 robe
 C - a +0 leather armour
 D - a +3 leather armour of poison resistance (melded)
 E - a +2 helmet (melded)
 W - a +2 pair of gloves (melded)
Jewellery
 p - a +6 ring of strength (right front leg)
 v - a ring of wizardry (left front leg)
Wands
 r - a wand of digging (1)
 z - a wand of flame (5)
 Q - a wand of polymorph (10)
 R - a wand of acid (6)
 T - a wand of charming (9)
Scrolls
 i - a scroll of torment
 k - 2 scrolls of summoning
 o - 2 scrolls of fog {unknown}
 u - a scroll of enchant weapon {unknown}
 y - 2 scrolls of fear {unknown}
 A - a scroll of enchant armour {unknown}
 G - a scroll of silence {unknown}
 K - a scroll of amnesia {unknown}
 U - 2 scrolls of identify
 V - a scroll of blinking {unknown}
 Y - a scroll of magic mapping {unknown}
Potions
 b - 2 potions of flight
 c - a potion of heal wounds
 j - 3 potions of attraction
 l - a potion of berserk rage {unknown}
 m - 2 potions of curing
 n - 2 potions of cancellation {unknown}
 q - a potion of lignification
 s - 2 potions of brilliance
 x - 3 potions of ambrosia {unknown}


   Skills:
 - Level 8.0 Fighting
 - Level 5.0 Armour
 - Level 5.0 Dodging
 - Level 1.5 Stealth
 * Level 12.5 Unarmed Combat
 - Level 1.0 Spellcasting
 - Level 2.0 Transmutations
 - Level 2.0 Poison Magic


You had 5 spell levels left.
You knew the following spells:

 Your Spells              Type           Power      Damage    Failure   Level
a - Beastly Appendage     Tmut           10%        N/A       12%         1
e - Wereblood             Tmut           5%         N/A       17%         2
p - Spider Form           Tmut/Pois      5%         N/A       28%         3

Your spell library contained the following spells:

 Spells                   Type           Power      Damage    Failure   Level
 Sting                    Tmut/Pois      20%        1d4       12%         1
 Apportation              Tloc           0%         N/A       24%         1
 Poisonous Vapours        Pois/Air       6%         N/A       24%         2
 Mephitic Cloud           Conj/Pois/Air  2%         N/A       43%         3
 Confusing Touch          Hex            0%         N/A       50%         3
 Olgreb's Toxic Radiance  Pois           5%         N/A       61%         4
 Alistair's Intoxication  Tmut/Pois      3%         N/A       89%         5
 Summon Mana Viper        Hex/Summ       0%         N/A       98%         5


Dungeon Overview and Level Annotations

Branches:
Dungeon (8/15)             Temple (1/1) D:5
   Lair: D:8-11

Altars:
Dithmenos
Fedhas
Gozag
Hepliaklqana
Nemelex Xobeh
Ru
Sif Muna
Trog
Yredelemnul
Zin
The Shining One

Shops:
D:3 (   D:4 *   D:5 [?   D:7 *

Annotations:
D:2 Grinder
D:6 1 transporter
D:8 Harold


Message History

Your orc hits Harold with a +0 flail! The gnoll barely misses you.
Harold closely misses you.
Things that are here:
a +0 dagger; a +0 leather armour; a +0 whip You hit Harold but do no damage.
Harold is poisoned.
Harold is lightly wounded.
Your transformation is almost over.
The gnoll misses you.
The gnoll hits you from afar with a +3 spear of venom.
You are poisoned.
Your orc barely misses Harold.
You hit Harold.
Harold looks as sick as possible!
Harold is lightly wounded.
You feel very sick. Harold hits you with a +0 trident!
The gnoll barely misses you. The gnoll misses you.
You feel very sick.
Your orc barely misses Harold.
Harold hits you from afar with a +0 trident!
* * * LOW HITPOINT WARNING * * *
The gnoll completely misses you.
You feel much better.
You feel very sick.
Your orc hits Harold with a +0 flail.
A gnoll comes into view. It is wielding a +0 spear.
Harold misses you.
The gnoll hits you from afar with a +0 spear.
The gnoll hits you with a +0 flail!
* * * LOW HITPOINT WARNING * * *
The gnoll hits you from afar with a +3 spear of venom.
* * * LOW HITPOINT WARNING * * *
You are more poisoned.
You feel much better.
* * * LOW HITPOINT WARNING * * *
You feel extremely sick.
Your orc barely misses Harold.
Harold hits you from afar with a +0 trident!!
* * * LOW HITPOINT WARNING * * *
The gnoll hits you from afar with a +0 spear!
You die...

##...o.#
###.#....##.......####
###.>.##
#.....#####>.......... # ##.##
##.......##.......###. # #.#
#.#.....#.##.....###.. # #.#
#..#...#..##.##.###... # #.#
#...#.#...##.#........ # #.#
#####.....##.#....#... # #.#
#...#.#...##.#.##.##.. # #.#
#..#gs.#..##.#.##.###. # #.#
#.)o..#.#..#.##.# ## # #.#
#..@gg..##..#.##.# # #.#
#.....#####..#.##.# #.#
##..... #..#.##.#### #.#
#.#..... #...........
####.#######..#.g.#.
#....##.####
..##...o...#...#.#.$.#######.#
#..#############.....# #..#


You could see Harold (very poisoned, ally target), 4 gnolls and a friendly orc.

Vanquished Creatures
  Pikel (D:7)
  Joseph (D:8)
  6 yaks
  A steam dragon (D:7)
  2 water moccasins
  A sky beast (D:7)
  An orc warrior (D:8)
  4 ice beasts
  An ogre (D:4)
  2 black bears
  A centaur (D:8)
  3 lemures (D:7)
  A kobold brigand (D:7)
  3 bullfrogs
  A gnoll sergeant (D:7)
  2 scorpions
  6 killer bees
  4 wights (D:8)
  A howler monkey (D:6)
  2 centaur zombies
  A jelly (D:7)
  A centaur skeleton (D:6)
  4 hounds
  2 bullfrog skeletons
  5 iguanas
  An orc wizard (D:8)
  A scorpion zombie (D:5)
  7 gnolls
  A howler monkey skeleton (D:6)
  6 adders
  An ufetubus (D:5)
  3 worms
  3 dart slugs
  2 orcs
  7 ball pythons
  6 endoplasms
  A giant cockroach (D:1)
  5 goblins
  8 hobgoblins
  12 kobolds
  5 quokkas
  2 bats
  6 frilled lizards (D:4)
  A quokka skeleton (D:4)
  4 rats
139 creatures vanquished.

Vanquished Creatures (others)
  A centaur (D:5)
  A kobold brigand (D:5)
  An orc (D:8)
  3 kobolds (D:5)
  8 plants (D:4)
14 creatures vanquished.

Grand Total: 153 creatures vanquished

Notes
Turn   | Place    | Note
-------+----------+-------------------------------------------
     0 | D:1      | avis the Hill Orc Monk began the quest for the Orb.
     0 | D:1      | Reached XP level 1. HP: 19/19 MP: 1/1
   375 | D:1      | Reached XP level 2. HP: 26/26 MP: 2/2
   394 | D:1      | Reached skill level 4 in Unarmed Combat
   481 | D:1      | Found a faded altar of an unknown god.
  1209 | D:1      | Reached XP level 3. HP: 30/31 MP: 3/3
  1459 | D:1      | Upgraded the game from 0.28-a0-1339-ga5422284a4 to
                  | 0.28-a0-1347-g113dc556a4
  2037 | D:2      | Reached skill level 5 in Unarmed Combat
  2085 | D:2      | Reached XP level 4. HP: 40/40 MP: 4/4
  2484 | D:3      | Noticed Grinder
  2602 | D:3      | Found Hoet's Antique Weapon Emporium.
  2606 | D:3      | Got the Almanac of Enchantment and Poisoning
  2607 | D:3      | Noticed a scorpion
  2632 | D:3      | Killed a scorpion
  2633 | D:3      | Reached XP level 5. HP: 32/47 MP: 5/5
  2991 | D:3      | Reached skill level 6 in Unarmed Combat
  4449 | D:4      | Noticed an ogre
  4457 | D:4      | Killed an ogre
  4458 | D:4      | Reached skill level 5 in Fighting
  4458 | D:4      | Reached XP level 6. HP: 18/56 MP: 6/6
  4731 | D:4      | Found a glowing golden altar of the Shining One.
  4811 | D:4      | Found Lanuddet's General Store.
  5106 | D:4      | Reached skill level 7 in Unarmed Combat
  5369 | D:4      | Learned a level 1 spell: Beastly Appendage
  5373 | D:4      | Learned a level 3 spell: Spider Form
  5391 | D:4      | Noticed an ice beast
  5401 | D:4      | Killed an ice beast
  5402 | D:4      | Reached skill level 1 in Transmutations
  5402 | D:4      | Reached skill level 1 in Poison Magic
  5834 | D:5      | Entered Level 5 of the Dungeon
  5842 | D:5      | Reached XP level 7. HP: 56/61 MP: 7/7
  5948 | D:5      | Found Ajemochoa's Antique Armour Boutique.
  6013 | D:5      | Found a staircase to the Ecumenical Temple.
  6015 | D:5      | Became a worshipper of Beogh the Brigand
  6015 | D:5      | Reached * piety under Beogh
  6015 | D:5      | Reached ** piety under Beogh
  6019 | Temple   | Entered the Ecumenical Temple
  6385 | D:5      | Reached skill level 1 in Spellcasting
  6668 | D:5      | Reached XP level 8. HP: 60/70 MP: 6/9
  6800 | D:5      | Found Korr's Magic Scroll Boutique.
  7013 | D:6      | Reached skill level 8 in Unarmed Combat
  7323 | D:6      | Reached skill level 9 in Unarmed Combat
  7524 | D:6      | Found an opulent altar of Gozag.
  7672 | D:6      | Found a glowing silver altar of Zin.
  7766 | D:6      | Found a sparkling altar of Nemelex Xobeh.
  7766 | D:6      | Found a transporter.
  7766 | D:6      | Noticed a vampire
  7767 | D:6      | Noticed a two-headed ogre
  7862 | D:6      | Learned a level 2 spell: Wereblood
  7940 | D:7      | Noticed a yak
  7940 | D:7      | Noticed a yak
  7940 | D:7      | Noticed a yak
  7940 | D:7      | Noticed a yak
  7940 | D:7      | Noticed a yak
  7940 | D:7      | Noticed a yak
  7948 | D:6      | Killed a yak
  7949 | D:6      | Reached skill level 5 in Dodging
  7949 | D:6      | Reached XP level 9. HP: 49/75 MP: 7/10
  8162 | D:7      | Reached skill level 10 in Unarmed Combat
  8178 | D:7      | Reached skill level 11 in Unarmed Combat
  8714 | D:5      | Bought a runed leather armour for 125 gold pieces
  8805 | D:7      | Found Tuats's Assorted Antiques.
  8854 | D:7      | Reached *** piety under Beogh
  9251 | D:7      | Found a blossoming altar of Fedhas.
  9258 | D:7      | Reached XP level 10. HP: 83/88 MP: 7/11
  9525 | D:8      | Reached skill level 5 in Armour
  9673 | D:8      | Found a basalt altar of Yredelemnul.
  9853 | D:8      | Noticed Pikel
  9974 | D:7      | Killed Pikel
 10125 | D:8      | Found a hazy altar of Hepliaklqana.
 10157 | D:8      | Reached skill level 12 in Unarmed Combat
 10216 | D:8      | Found a sacrificial altar of Ru.
 10246 | D:8      | Noticed Joseph
 10261 | D:8      | Killed Joseph
 10802 | D:8      | Noticed Harold
 10817 | D:8      | Slain by a gnoll

Illustrated notes

Levels and vault maps discovered:
D:1:      amcnicky_arrival_wind_blow, layout_basic,
          nicolae_ecumenical_snake_handling, minmay_statues_item,
          chequers_arboretum
D:2:      layout_rooms
D:3:      layout_basic, serial_shops, nicolae_shop_waterfront, uniq_grinder
D:4:      layout_loops_ring, mainiacjoe_overflow_surrounded_room, serial_shops,
          nicolae_shop_hallway_plus, chequers_ossuary_entry_cave,
          minmay_lizard_king
D:5:      layout_rooms, minmay_temple_entry_proselytizer, nicolae_stop_n_shop_1,
          nicolae_take_the_stairs
D:6:      layout_basic, pdpol_temple_overflow_zin_treasury_gozag_greed,
          grunt_nemelex_the_gamble
D:7:      layout_loops_cross, mainiacjoe_overflow_alcove_1, serial_shops, shop
D:8:      layout_loops_ring, lemuel_doored_altar, mainiacjoe_overflow_paths,
          mainiacjoe_overflow_brackets, hangedman_decor_diamond_cutter,
          kennysheep_minor_cross, uniq_harold, uniq_pikel, uniq_joseph
Temple:   compressed_dpeg_circular_temple

Skill      XL: |  1  2  3  4  5  6  7  8  9 10 |
---------------+-------------------------------+-----
Unarmed Combat | 4 5 6 7 9 11 12 | 12.5
Fighting       | 4 5 6 8 |  8.0
Transmutations | 1 2 |  2.0
Poison Magic   | 1 2 |  2.0
Spellcasting   | 1 |  1.0
Dodging        | 3 5 |  5.0
Armour         | 2 4 5 |  5.0
Stealth        | |  1.5

Action                   |  1- 3 |  4- 6 |  7- 9 | 10-12 || total
-------------------------+-------+-------+-------+-------++-------
Melee: Unarmed           |   119 |   145 |   170 |    69 ||   503
       Whip              |    11 |    10 |       |       ||    21
       Punch             |     2 |     5 |     7 |     4 ||    18
       Kick              |       |     2 |     5 |     6 ||    13
       Headbutt          |       |       |     6 |     3 ||     9
Throw: Dart              |       |     7 |       |       ||     7
 Cast: Beastly Appendage |       |     1 |     8 |     7 ||    16
       Spider Form       |       |       |    24 |     9 ||    33
Invok: Convert to Beogh  |       |       |     1 |       ||     1
  Use: Scroll            |       |     8 |     2 |       ||    10
       Potion            |       |     1 |     1 |     2 ||     4
 Stab: Sleeping          |     4 |     1 |     1 |       ||     6
       Distracted        |       |       |       |     1 ||     1
Armor: Robe              |    15 |     8 |    13 |       ||    36
       Skin              |       |       |    13 |     2 ||    15
       Leather armour    |       |       |       |     3 ||     3
Dodge: Dodged            |    75 |    68 |   175 |    53 ||   371

Table legend: (Time is in decaauts)
 A = Elapsed time spent in this place.
 B = Non-inter-level travel time spent in this place.
 C = Inter-level travel time spent in this place.
 D = Time resting spent in this place.
 E = Time spent auto-exploring this place.
 F = Levels seen in this place.
 G = Mean time per level.
                   A        B        C        D        E       F      G
               +--------+--------+--------+--------+--------+-----+--------+
         Total |  10771 |  10152 |    619 |   3083 |   4363 |   9 | 1196.8 |
       Dungeon |  10761 |  10142 |    619 |   3083 |   4363 |   8 | 1345.1 |
        Temple |     10 |     10 |      0 |      0 |      0 |   1 |   10.0 |
               +--------+--------+--------+--------+--------+-----+--------+

Top non-repeatable levels by time:
     D:4: 1678 daAuts
     D:1: 1677 daAuts
     D:6: 1538 daAuts
     D:3: 1487 daAuts
     D:5: 1223 daAuts
     D:8: 1179 daAuts
     D:2: 1013 daAuts
     D:7: 963 daAuts
  Temple: 10 daAuts
